 Dungeon Crawl Stone Soup version 0.25-a0-194-gece12570e2 (webtiles) character file.

Game seed: 15261148847416765265, levelgen mode: classic

352491 EnegeticOcto the Warrior (level 21, -5/175 HPs)
             Began as a Mummy Chaos Knight on Dec 1, 2019.
             Was a Favourite Plaything of Xom.
             Killed from afar by an ancient champion (37 damage)
             ... with an iron shot
             ... on level 1 of the Crypt.
             The game lasted 02:10:21 (60657 turns).

EnegeticOcto the Warrior (Mummy Chaos Knight)      Turns: 60657, Time: 02:10:22

Health: -5/175     AC: 41    Str: 25    XL:     21   Next: 31%
Magic:  33/33      EV: 13    Int: 23    God:    Xom [....*.]
Gold:   342        SH:  0    Dex: 17    Spells: 26/36 levels left

rFire    + . .     SeeInvis .   a - +6 lajatang (vamp)
rCold    + + +     Gourm    .   (shield currently unavailable)
rNeg     + + +     Faith    .   C - +8 orange crystal plate armour {Archmagi, Int+3 Clar}
rPois    ∞         Spirit   .   q - +2 helmet {Int+3}
rElec    +         Reflect  .   f - scarf {rC+ rF+}
rCorr    .         Harm     .   D - +2 pair of gloves
MR       +++..     Clarity  +   h - +2 pair of boots
Stlth    ..........             L - amulet "Jeosma" {Acrobat Dex+3}
HPRegen  0.39/turn              T - ring "Sunn" {rElec rF+ rC+ Str+4 Int+4}
MPRegen  0.23/turn              u - ring of protection from magic

@: about to teleport, studying Armour
A: no food or potions, fire vulnerability, cold resistance 1, negative energy
resistance 3, torment resistance, unbreathing, in touch with death 1
}: 2/15 runes: decaying, serpentine
a: Renounce Religion


You were on level 1 of the Crypt.
You worshipped Xom.
You were a beloved toy of Xom.
You were not hungry.

You visited 8 branches of the dungeon, and saw 39 of its levels.
You visited 1 bazaar.
You also visited: Ice Cave.

You collected 5432 gold pieces.
You spent 5090 gold pieces at shops.

Inventory:

Hand Weapons
 a - a +6 vampiric lajatang (weapon)
 B - a +2 dagger of distortion
 N - a +2 lajatang of speed
Missiles
 j - 1980 arrows
 s - 920 bolts
 I - 10 curare-tipped darts (quivered)
 X - 2 silver javelins
Armour
 f - a scarf of resistance (worn)
 h - a +2 pair of boots (worn)
 q - a +2 helmet of intelligence (worn)
 C - the +8 orange crystal plate armour (worn) {Archmagi, Int+3 Clar}
   (You bought it in a shop on level 2 of the Orcish Mines)

   It affects your intelligence (+3).
   It protects you against confusion.
 D - a +2 pair of gloves (worn)
 J - the +0 pair of boots "Galurek" {Regen+ Dex+2}
   (You bought it in a shop on level 6 of the Dungeon)

   It affects your dexterity (+2).
   It increases your rate of regeneration.
 Y - a +2 cloak of invisibility
Magical Staves
 b - an uncursed staff of wizardry
Jewellery
 g - an uncursed ring of see invisible
 u - a ring of protection from magic (right hand)
 F - a +5 ring of evasion {=R}
 G - an uncursed ring of flight
 L - the amulet "Jeosma" (around neck) {Acrobat Dex+3}
   (Xom gifted it to you on level 5 of the Lair of Beasts)

   [amulet of the acrobat]

   It helps you evade while moving and waiting.
   It affects your dexterity (+3).
 O - the ring of Alisch {Fire rN+ MP+9 Int+2 Slay+3 Stlth-}
   (You took it off a deep elf archer on level 1 of the Elven Halls)

   [ring of fire]

   It enhances your fire magic.
   It affects your intelligence (+2).
   It affects your accuracy and damage with ranged weapons and melee attacks
   (+3).
   It protects you from fire.
   It makes you vulnerable to cold.
   It protects you from negative energy.
   It affects your magic capacity (+9).
   It makes you less stealthy.
 Q - an uncursed ring of wizardry
 S - the ring of Horet {rPois rF++ MP+9}
   (You took it off a deep elf mage on level 1 of the Elven Halls)

   [ring of magical power]

   It greatly protects you from fire.
   It protects you from poison.
   It affects your magic capacity (+9).
 T - the ring "Sunn" (left hand) {rElec rF+ rC+ Str+4 Int+4}
   (You took it off a deep elf mage on level 1 of the Elven Halls)

   [ring of protection from cold]

   It affects your strength (+4).
   It affects your intelligence (+4).
   It protects you from fire.
   It protects you from cold.
   It insulates you from electricity.
Wands
 d - a wand of iceblast (3)
 e - a wand of disintegration (29)
 r - a wand of random effects (36)
 w - a wand of acid (2)
 x - a wand of flame (30)
 E - a wand of paralysis (13)
 K - a wand of digging (21)
 M - a wand of clouds (1)
Scrolls
 c - a scroll of brand weapon
 i - 6 scrolls of fog {!r}
 k - a scroll of summoning
 l - 7 scrolls of fear {!r}
 m - 11 scrolls of remove curse {@r2}
 n - 6 scrolls of enchant armour
 o - a scroll of teleportation {@r3 !r}
 t - 7 scrolls of immolation
 v - 8 scrolls of magic mapping {@r5 !r}
 z - a scroll of holy word
 A - 4 scrolls of identify {@r1}
 R - 2 scrolls of torment
Books
 U - a manual of Armour
Miscellaneous
 y - a phial of floods
 P - a box of beasts
 V - a lightning rod (4/4)
 W - 2 phantom mirrors


   Skills:
 + Level 17.4 Fighting
   Level 2.4(9.6) Polearms
 - Level 13.9(14.0) Staves
   Level 6.0 Slings
 + Level 14.1 Armour
 + Level 14.7 Dodging
 - Level 3.0 Stealth
 - Level 8.0 Spellcasting
 - Level 5.0 Conjurations
 - Level 8.2 Translocations
 - Level 5.0 Air Magic
 - Level 5.0 Poison Magic
 + Level 11.6 Evocations


You had 26 spell levels left.
You knew the following spells:

 Your Spells              Type           Power        Failure   Level  Hunger
a - Apportation           Tloc           ######       7%          1    N/A
b - Mephitic Cloud        Conj/Pois/Air  #####...     58%         3    N/A
c - Passage of Golubria   Tloc           N/A          56%         4    N/A
Y - Blink                 Tloc           N/A          11%         2    N/A

Your spell library contained the following spells:

 Spells                   Type           Power        Failure   Level  Hunger
 Gell's Gravitas          Tloc           ######....   21%         3    N/A
 Lesser Beckoning         Tloc           ######....   21%         3    N/A
 Teleport Other           Tloc           ######..     21%         3    N/A
 Magic Dart               Conj           ####         26%         1    N/A
 Sting                    Conj/Pois      ####         26%         1    N/A
 Poisonous Vapours        Pois/Air       #####.       36%         2    N/A
 Shroud of Golubria       Chrm/Tloc      #####.       50%         2    N/A
 Flame Tongue             Conj/Fire      ####.        56%         1    N/A
 Throw Flame              Conj/Fire      ####..       71%         2    N/A
 Animate Skeleton         Necr           N/A          89%         1    N/A
 Confusing Touch          Hex            ##....       89%         1    N/A
 Freeze                   Ice            ##..         89%         1    N/A
 Sandblast                Erth           ##....       89%         1    N/A
 Summon Butterflies       Summ           ##......     89%         1    N/A
 Summon Small Mammal      Summ           ##..         89%         1    N/A
 Conjure Flame            Conj/Fire      ####....     91%         3    N/A
 Stone Arrow              Conj/Erth      ####..       91%         3    N/A
 Olgreb's Toxic Radiance  Pois           #####...     94%         4    N/A
 Call Imp                 Summ           ##......     96%         2    N/A
 Ensorcelled Hibernation  Hex/Ice        ##....       96%         2    N/A
 Passwall                 Tmut/Erth      ##......     96%         2    N/A
 Slow                     Hex            ##......     96%         2    N/A
 Inner Flame              Hex/Fire       ##......     99%         3    N/A
 Ozocubu's Armour         Chrm/Ice       ##......     99%         3    N/A
 Tukima's Dance           Hex            ##......     99%         3    N/A
 Petrify                  Tmut/Erth      ##......     100%        4    N/A
 Sticky Flame             Conj/Fire      ####....     100%        4    N/A
 Summon Lightning Spire   Summ/Air       ####....     100%        4    N/A
 Agony                    Necr           ###.....     100%        5    N/A
 Alistair's Intoxication  Tmut/Pois      ####....     100%        5    N/A
 Bolt of Draining         Conj/Necr      #####.....   100%        5    N/A
 Bolt of Magma            Conj/Fire/Erth ####......   100%        5    N/A
 Borgnjor's Vile Clutch   Necr/Erth      ###.......   100%        5    N/A
 Fireball                 Conj/Fire      ####......   100%        5    N/A
 Irradiate                Conj/Tmut      ####......   100%        5    N/A
 Iskenderun's Battlesphe  Conj/Chrm      ####....     100%        5    N/A
 Lee's Rapid Deconstruct  Erth           ##........   100%        5    N/A
 Metabolic Englaciation   Hex/Ice        ##........   100%        5    N/A
 Silence                  Hex/Air        ####......   100%        5    N/A
 Venom Bolt               Conj/Pois      #####.....   100%        5    N/A
 Bolt of Cold             Conj/Ice       ####......   100%        6    N/A
 Darkness                 Hex            ##........   100%        6    N/A
 Deflect Missiles         Chrm/Air       ####......   100%        6    N/A
 Freezing Cloud           Conj/Ice/Air   #####.....   100%        6    N/A
 Invisibility             Hex            ##......     100%        6    N/A
 Iron Shot                Conj/Erth      ####......   100%        6    N/A
 Ozocubu's Refrigeration  Ice            ##........   100%        6    N/A
 Shadow Creatures         Summ           N/A          100%        6    N/A
 Simulacrum               Ice/Necr       ###.......   100%        6    N/A
 Orb of Destruction       Conj           #####.....   100%        7    N/A
 Spellforged Servitor     Conj/Summ      ####......   100%        7    N/A
 Sublimation of Blood     Necr           Unusable     N/A         2    N/A
 Ice Form                 Ice/Tmut       Unusable     N/A         4    N/A
 Hydra Form               Tmut           Unusable     N/A         6    N/A
 Statue Form              Tmut/Erth      Unusable     N/A         6    N/A
 Dragon Form              Tmut           Unusable     N/A         7    N/A

Dungeon Overview and Level Annotations

Branches:
Dungeon (15/15)            Temple (0/1) D:4            Lair (6/6) D:8
  Swamp (4/4) Lair:4        Snake (4/4) Lair:2        Slime (0/5) Lair:5
    Orc (2/2) D:12            Elf (3/3) Orc:2        Vaults (4/5) D:14
  Crypt (1/3) Vaults:3     Depths (0/5) D:15          IceCv (visited)

Altars:
Ashenzari
Dithmenos
Fedhas
Gozag
Hepliaklqana
Makhleb
Okawaru
Qazlal
Sif Muna
Uskayaw
Vehumet
Xom
Beogh

Shops:
D:5 :   D:6 [(   Orc:2 (*:[   Elf:1 *   Elf:2 (   Snake:2 }=}   Vaults:1 (
Vaults:3 *   Vaults:4 *

Portals:
Trove: Elf:3 (give +4 shadow dragon scales)

Annotations:
D:2 1 runed translucent door, Crazy Yiuf
D:12 1 runed translucent door
Lair:1 exclusion: 3 oklob plants
Lair:3 1 runed translucent door, exclusion: 4 oklob plants, Avodethru's ghost, journeyman DEWz
Lair:6 CloudEater's ghost, journeyman GrEE; nubinia's ghost, journeyman GrEE; wazuzu's ghost, journeyman VSAs
Swamp:2 Roxanne
Elf:2 3 runed translucent doors
Vaults:3 3 runed translucent doors
Vaults:4 8 runed translucent doors, Lofupn's ghost, adept SpEn
Crypt:1 Margery


Innate Abilities, Weirdness & Mutations

You do not eat or drink.
Your flesh is vulnerable to fire.
You are immune to poison.
Your flesh is cold resistant. (rC+)
You are immune to negative energy. (rN+++)
You are immune to unholy pain and torment.
You can survive without breathing.
You are in touch with the powers of death.


Message History

You slice something!! Something hits you. Something drains your vigour!
You feel as though you will be slow longer.
You hit something but do no damage.
The phantasmal warrior blinks!
Something hits you but does no damage.
Your orange crystal plate armour prevents you from hitting something.
You hit something. Something hits you but does no damage.
You slice something!!
Reactivating autopickup.
You feel a bit more experienced.
The phantasmal warrior closely misses you.
The phantasmal warrior hits you but does no damage.
You barely miss the phantasmal warrior.
You closely miss the phantasmal warrior.
The phantasmal warrior misses you.
You slash the phantasmal warrior!
The phantasmal warrior is moderately damaged.
The phantasmal warrior barely misses you.
You closely miss the phantasmal warrior.
The phantasmal warrior is moderately damaged.
A hell knight comes into view.
It is wielding a +3 battleaxe of flaming.
You hit the phantasmal warrior.
The phantasmal warrior is moderately damaged.
The phantasmal warrior closely misses you.
You closely miss the phantasmal warrior.
The phantasmal warrior is moderately damaged.
The hell knight casts a spell.
The hell knight seems to speed up.
The phantasmal warrior hits you but does no damage.
You hear a shout! x2
You slash the phantasmal warrior!
The phantasmal warrior is heavily damaged.
You hear a shout!
The phantasmal warrior hits you.
You hit the phantasmal warrior but do no damage.
The phantasmal warrior is heavily damaged.
The hell knight closely misses you.
You closely miss the phantasmal warrior.
The phantasmal warrior is heavily damaged.
The phantasmal warrior hits you.
You hit the phantasmal warrior.
The phantasmal warrior is heavily damaged.
The hell knight closely misses you.
The phantasmal warrior barely misses you.
The hell knight hits you with a +3 battleaxe of flaming.
The hell knight burns you.
Items here: )) [[ a cursed +0 dagger; a +0 robe; a cursed +4 battleaxe of freezing; a +0 robe You feel a sense of dread.
a - a +6 vampiric lajatang (weapon)
The hell knight hits you with a +3 battleaxe of flaming.
* * * LOW HITPOINT WARNING * * *
The hell knight burns you.
* * * LOW HITPOINT WARNING * * *
You slice the hell knight!!
The hell knight is heavily wounded.
You hear a shout! x5
The hell knight barely misses you.
The ancient champion mumbles some strange words.
The ancient champion seems to speed up.
A necromancer comes into view. It is wielding a +4 dagger.
You slice the hell knight!!
The hell knight is almost dead.
The hell knight casts a spell at you. The puff of flame hits you. You resist.
* * * LOW HITPOINT WARNING * * *
The hell knight hits you but does no damage.
You slash the hell knight!
You feel better.
You kill the hell knight!
Press: ? - help, v - describe, . - travel, g - get item
Here: an ancient champion, wearing a +0 plate armour (fast)
A +3 battleaxe of flaming.
There is something else lying underneath.
The floor, spattered with blood.
Evoke which item? (* to show all) (? for menu, Esc to quit)
Aiming: Corrosive Bolt
Press: ? - help, Shift-Dir - straight line, f - ancient champion
Aim: an ancient champion, wearing a +0 plate armour (fast)
The bolt of acid hits the ancient champion!!
The ancient champion is splashed with acid!
The ancient champion is moderately damaged. "Serve the mortal, my child!"
You hear a shout!
The ancient champion closely misses you.
The ancient champion casts a spell at you.
The iron shot hits you!!
* * * LOW HITPOINT WARNING * * *
Margery the Dragonslayer comes into view.
She is wielding a +2 great mace of flaming.
The necromancer gestures wildly while chanting.
The necromancer flickers and vanishes!
Deactivating autopickup; reactivate with Ctrl-A.
You hear a shout!
Really read
o - 2 scrolls of teleportation {@r3 !r}?
As you read the scroll of teleportation {@r3 !r}, it crumbles to dust.
You feel strangely unstable.
You feel yourself speed up.
The ancient champion hits you but does no damage.
The ancient champion casts a spell at you.
The iron shot hits you!!!
You die...
Xom laughs nastily!

.. #...
... #
.... ...
#. ...
#.. ...
..# #.#
...###.#
#.#
.....#
##)#
#..###@#
#..W@z##
#...5{#
#.....#
##......
######...
#⌠.⌠ ...
{⌠


You could see Margery, an ancient champion, a phantasmal warrior and a friendly
quasit.

Vanquished Creatures
  Bai Suzhen (Swamp:3)
  Vashnia (Snake:1)
  Jorgrun (Elf:2)
  An Ice Fiend (Vaults:1)
  2 deep elf master archers (Elf:3)
  Frances (Lair:2)
  2 deep elf blademasters (Elf:3)
  Agnes (Snake:2)
  8 thorn hunters
  5 nagarajas
  6 vault wardens
  2 fire giants
  3 orc warlords
  4 deep elf sorcerers
  The ghost of Tarias the Grappler, a journeyman OgTm of Okawaru (Lair:5)
  A frost giant (Vaults:4)
  Aizul (Snake:1)
  A ghost moth (Swamp:4)
  4 deep elf elementalists (Elf:3)
  10 ironheart preservers
  4 stone giants
  2 entropy weavers
  9 deep elf demonologists
  9 deep elf annihilators
  An eidolon (Vaults:3)
  8 deep elf death magi
  2 ettins
  3 fire dragons
  A jiangshi (Vaults:3)
  4 yaktaur captains
  A rakshasa (Vaults:2)
  4 deep elf high priests (Elf:3)
  15 naga warriors
  6 great orbs of eyes
  23 hydras
  An ice dragon (Vaults:4)
  4 vault guards
  A ghost crab (Swamp:4)
  2 shambling mangroves
  8 anacondas
  A catoblepas (Elf:3)
  10 centaur warriors
  14 dancing weapons
  4 ogre magi
  3 tengu warriors
  A deep troll shaman (Vaults:2)
  8 two-headed ogres
  A death yak (Lair:3)
  12 alligators
  2 death knights
  2 shock serpents (Snake:4)
  19 naga sharpshooters
  7 orc high priests
  2 hell knights
  19 deep elf knights
  2 fire crabs
  16 skeletal warriors
  A soul eater (Crypt:1)
  5 shadow wraiths
  9 deep trolls
  3 salamander mystics
  2 unseen horrors (D:14)
  3 sea snakes
  2 glowing orange brains (Vaults:2)
  4 wizards
  3 spriggan druids
  8 naga ritualists
  11 swamp dragons
  16 deep elf archers
  11 ironbrand convokers
  A necromancer (Vaults:3)
  A harpy (shapeshifter) (Vaults:1)
  15 orc knights
  2 phantasmal warriors
  9 mana vipers
  A mana viper (shapeshifter) (Elf:3)
  2 wolf spiders
  A faun (shapeshifter) (Vaults:3)
  7 orc sorcerers
  2 harpies
  26 ugly things
  52 deep elf magi
  A faun (Vaults:1)
  4 salamanders
  10 cyclopes
  4 manticores
  2 shining eyes
  2 guardian serpents
  24 black mambas
  2 centaur zombies
  5 elephants
  11 vault sentinels
  3 torpor snails
  19 naga magi
  3 gargoyles
  27 spiny frogs
  3 kobold demonologists
  5 komodo dragons
  12 yaktaurs
  5 rime drakes
  An efreet (D:15)
  A tengu conjurer (D:15)
  7 freezing wraiths
  11 tyrant leeches
  2 meliai (shapeshifter)
  A meliai (Swamp:3)
  6 trolls
  5 polar bears (Lair:6)
  A jumping spider (Vaults:3)
  19 hornets
  A dream sheep (shapeshifter) (Elf:3)
  8 bog bodies
  14 blink frogs
  15 slime creatures
  A raiju (shapeshifter) (Snake:3)
  5 dream sheep (Lair:6)
  10 hippogriffs
  A snapping turtle (Snake:2)
  6 air elementals
  4 redbacks
  43 yaks
  21 spriggans
  5 wyverns
  3 shadows
  3 fire elementals
  5 basilisks
  2 wraiths (D:15)
  20 vampire mosquitoes
  2 water elementals
  A golden eye (shapeshifter) (Vaults:2)
  A hungry ghost (D:14)
  A steam dragon (shapeshifter) (Elf:3)
  14 wargs
  3 acid dragons
  9 swamp worms
  49 nagas
  A soldier ant (shapeshifter) (Vaults:2)
  4 insubstantial wisps (Swamp:1)
  13 water moccasins
  A porcupine (shapeshifter) (D:15)
  8 porcupines
  9 swamp drakes
  4 sky beasts
  A slave (D:6)
  5 black bears
  48 orc warriors
  5 phantoms
  8 ice beasts
  A necrophage (D:8)
  4 boggarts
  24 centaurs
  22 ogres
  A hog zombie (Crypt:1)
  24 wolves
  11 crocodiles
  8 big kobolds
  23 bullfrogs
  7 earth elementals
  2 wyvern zombies
  6 scorpions
  40 killer bees
  An electric eel (Lair:5)
  7 wights
  9 howler monkeys
  6 crimson imps
  2 bullfrog zombies
  3 hounds
  4 jellies
  2 quasits
  31 orc wizards
  4 bullfrog skeletons
  30 orc priests
  6 centaur skeletons
  3 iguanas
  14 worker ants
  9 hell rats (Lair:2)
  Ijyb (D:3)
  Terence (D:2)
  2 hound skeletons
  2 worker ant zombies
  Robin (D:2)
  A howler monkey zombie (D:6)
  13 adders
  8 gnolls
  12 river rats (Lair:2)
  A shadow imp (D:8)
  An ooze (D:3)
  An adder zombie (D:8)
  An adder skeleton (D:7)
  3 worms
  A dart slug (D:2)
  7 leopard geckos
  123 orcs
  5 bats
  3 giant cockroaches
  18 goblins
  8 hobgoblins
  8 jackals
  10 quokkas
  7 frilled lizards
  A jackal skeleton (D:4)
  17 kobolds
  A leopard gecko zombie (D:8)
  14 rats
  2 crawling corpses (Elf:3)
1611 creatures vanquished.

Vanquished Creatures (collateral kills)
  A thorn hunter (Swamp:4)
  A frost giant (Vaults:3)
  A deep elf annihilator (Vaults:1)
  A fire dragon (Vaults:1)
  2 hydras
  A two-headed ogre (D:14)
  An orc high priest (Orc:2)
  A naga sharpshooter (Snake:4)
  A shadow wraith (Vaults:2)
  2 skeletal warriors (D:14)
  A deep elf archer (Elf:1)
  A swamp dragon (Swamp:4)
  An orc knight (Orc:2)
  Pikel (D:6)
  3 deep elf magi
  4 ugly things
  An elephant (Lair:5)
  2 naga magi (Snake:4)
  3 spiny frogs
  A rime drake (Lair:2)
  A freezing wraith (D:11)
  A hippogriff (Lair:2)
  A warg (Vaults:1)
  Edmund (D:4)
  2 nagas (Snake:4)
  2 swamp drakes (Swamp:4)
  4 orc warriors (Orc:2)
  4 ogres
  3 orcs
  A quokka (D:3)
50 creatures vanquished.

Vanquished Creatures (others)
  A nagaraja (Snake:4)
  A vault guard (Vaults:3)
  7 dancing weapons
  A shadow wraith (Vaults:4)
  4 deep elf magi
  A spiny frog (Lair:3)
  2 blink frogs
  2 air elementals
  A yak (Lair:3)
  A wyvern (Lair:3)
  A dire elephant simulacrum (Crypt:1)
  A hungry ghost (D:7)
  A hog (Snake:4)
  2 nagas (Snake:4)
  A water moccasin (Lair:5)
  An orc warrior (Vaults:1)
  A sky beast (D:7)
  A killer bee (Lair:3)
  A howler monkey (D:7)
  An orc priest (Elf:2)
  2 orc wizards
  A hell rat (Lair:2)
  A worker ant (D:7)
  A river rat (Lair:2)
  2 adders (D:7)
  A shadow imp (D:7)
  4 orcs
  A rat (Lair:2)
  A briar patch (Swamp:4)
  A bush (Lair:5)
  16 fungi
  2 plants
  2 withered plants (Lair:6)
67 creatures vanquished.

Grand Total: 1728 creatures vanquished

Notes
Turn   | Place    | Note
-------+----------+-------------------------------------------
     0 | D:1      | EnegeticOcto the Mummy Chaos Knight began the quest for the
                  | Orb.
     0 | D:1      | Reached XP level 1. HP: 18/18 MP: 1/1
    23 | D:1      | XOM: silly message
    85 | D:1      | XOM: divination: detect creatures
   112 | D:1      | Reached XP level 2. HP: 19/24 MP: 2/2
   319 | D:1      | XOM: divination: detect items
   466 | D:1      | XOM: harmless Erth miscast
   472 | D:1      | Reached skill level 4 in Fighting
   472 | D:1      | Reached XP level 3. HP: 25/30 MP: 3/3
   522 | D:1      | XOM: harmless Hex miscast
   639 | D:1      | XOM: harmless Conj miscast
  1466 | D:2      | Noticed Robin
  1471 | D:2      | Reached XP level 4. HP: 38/38 MP: 4/4
  1473 | D:2      | XOM: harmless Chrm miscast
  1475 | D:2      | Reached skill level 5 in Fighting
  1487 | D:2      | Killed Robin
  1490 | D:2      | XOM: harmless Hex miscast
  1601 | D:2      | XOM is BORED!
  1601 | D:2      | XOM: silly message
  1693 | D:2      | Noticed Terence
  2010 | D:2      | XOM: divination: magic mapping
  2013 | D:2      | XOM: enchant monster (good)
  2016 | D:2      | Killed Terence
  2049 | D:2      | Found an iron altar of Okawaru.
  2167 | D:2      | Found a faded altar of an unknown god.
  2262 | D:2      | Found a runed translucent door.
  2263 | D:2      | Noticed Crazy Yiuf
  2622 | D:3      | XOM: divination: detect creatures
  2673 | D:3      | Found a shattered altar of Ashenzari.
  2715 | D:3      | XOM: 2-stop teleportation journey
  2736 | D:3      | Reached XP level 5. HP: 46/46 MP: 5/5
  2770 | D:3      | Reached skill level 1 in Dodging
  2953 | D:3      | Reached skill level 1 in Slings
  2953 | D:3      | Reached skill level 1 in Stealth
  2954 | D:3      | XOM: summons 3 friendly demons
  3035 | D:3      | Reached skill level 6 in Fighting
  3035 | D:3      | Reached XP level 6. HP: 8/52 MP: 6/6
  3354 | D:3      | Found a hazy altar of Hepliaklqana.
  3436 | D:3      | Noticed Ijyb
  3452 | D:3      | Killed Ijyb
  3597 | D:3      | Found a blossoming altar of Fedhas.
  3721 | D:3      | Found a radiant altar of Vehumet.
  3721 | D:3      | Found a hide-covered altar of Uskayaw.
  3948 | D:4      | XOM: polymorph adder -> leopard gecko
  4016 | D:4      | Found a stormy altar of Qazlal.
  4128 | D:4      | Noticed Edmund
  4148 | D:4      | Killed Edmund
  4311 | D:4      | XOM is BORED!
  4311 | D:4      | XOM: noise
  4373 | D:4      | XOM: cloud trail
  4434 | D:4      | Reached XP level 7. HP: 55/59 MP: 7/7
  4461 | D:4      | XOM: scenery: create altars
  4527 | D:4      | Got a twisted short sword
  4528 | D:4      | Identified the +8 short sword of Tenacity {pierce, rF++
                  | rC-} (You found it on level 4 of the Dungeon)
  4546 | D:4      | Found a staircase to the Ecumenical Temple.
  4645 | D:5      | Entered Level 5 of the Dungeon
  4775 | D:5      | XOM: polymorph ice beast -> warg
  4777 | D:5      | XOM: cast spell 'Leda's Liquefaction'
  4785 | D:5      | XOM: divination: detect items
  4791 | D:5      | XOM: mild Pois miscast
  4798 | D:5      | XOM: harmless Tloc miscast
  4902 | D:5      | XOM: god gift: runed spear {god gift}
  4996 | D:5      | XOM: cloud trail
  5280 | D:5      | XOM: 1-stop teleportation journey
  5289 | D:5      | XOM: divination: magic mapping
  5295 | D:5      | Reached skill level 7 in Fighting
  5298 | D:5      | Reached XP level 8. HP: 21/67 MP: 8/8
  5327 | D:5      | XOM: confuse monster(s)
  5357 | D:5      | XOM: god gift: wooden wand {god gift}
  5462 | D:5      | XOM: scenery: create altars
  5606 | D:5      | Found Josihax's Book Emporium.
  5609 | D:5      | Bought a book of Minor Magic for 220 gold pieces
  5612 | D:5      | Learned a level 2 spell: Blink
  5616 | D:5      | Learned a level 3 spell: Mephitic Cloud
  5647 | D:5      | XOM: noise
  5896 | D:5      | XOM: scenery: create altars
  6098 | D:5      | XOM: scenery: create altars
  6157 | D:6      | Reached skill level 1 in Spellcasting
  6157 | D:6      | Reached skill level 1 in Translocations
  6191 | D:6      | XOM is BORED!
  6191 | D:6      | XOM: mild Tloc miscast
  6256 | D:6      | XOM: confusion (+ monsters)
  6271 | D:6      | XOM: scenery: create altars
  6496 | D:6      | XOM: enchant monster (good)
  6497 | D:6      | XOM: 5-stop teleportation journey
  6806 | D:6      | Found Giqa's Antique Weapon Shop.
  6906 | D:6      | Found Fueffac's Armour Shoppe.
  7008 | D:6      | XOM: divination: detect creatures
  7106 | D:6      | XOM: harmless Ice miscast
  7233 | D:7      | Noticed Pikel
  7241 | D:6      | XOM: summons 3 friendly demons
  7259 | D:6      | Killed Pikel
  7259 | D:6      | Reached skill level 8 in Fighting
  7259 | D:6      | Reached XP level 9. HP: 49/74 MP: 12/15
  7774 | D:7      | Reached skill level 5 in Spellcasting
  7781 | D:7      | XOM: divination: detect creatures
  7884 | D:7      | Reached skill level 5 in Slings
  8018 | D:7      | XOM is BORED!
  8018 | D:7      | XOM: medium Summ miscast
  8019 | D:7      | Noticed a sixfirhy
  8053 | D:6      | XOM: cloud trail
  8553 | D:8      | Found a staircase to the Lair.
  8553 | D:8      | Noticed an elephant
  8817 | D:8      | XOM: harmless Tmut miscast
  8999 | D:8      | Reached skill level 1 in Conjurations
  8999 | D:8      | Reached skill level 1 in Poison Magic
  9063 | D:8      | Reached skill level 1 in Air Magic
  9083 | D:8      | Found a radiant altar of Vehumet.
  9174 | D:8      | Found a shadowy altar of Dithmenos.
  9195 | D:8      | XOM: summons friendly shadow imp
  9204 | D:8      | XOM: enchant monster (good)
  9223 | D:8      | XOM: swap monsters
  9412 | D:8      | XOM: swap monsters
  9413 | D:8      | XOM: 4-stop teleportation journey
  9490 | D:8      | XOM: confusion
  9758 | D:7      | XOM: polymorph crocodile -> blink frog
  9763 | D:7      | XOM: blink monster(s)
  9831 | D:7      | Reached XP level 10. HP: 45/82 MP: 18/18
  9921 | D:7      | XOM: noise
  9982 | D:7      | XOM is BORED!
  9982 | D:7      | XOM: mild Air miscast
 10486 | D:8      | Killed an elephant
 10486 | D:8      | Reached skill level 9 in Fighting
 10796 | D:9      | XOM: harmless Tmut miscast
 10807 | D:9      | XOM: polymorph orc warrior -> centaur
 10823 | D:9      | Noticed a two-headed ogre
 10835 | D:9      | XOM: medium Conj miscast
 11728 | D:9      | Found an opulent altar of Gozag.
 11974 | D:9      | XOM: smoke on damage
 11981 | D:9      | Killed a two-headed ogre
 12022 | D:9      | XOM: harmless Tloc miscast
 12205 | D:10     | Entered Level 10 of the Dungeon
 12333 | D:10     | XOM: polymorph orc priest -> bullfrog
 12418 | D:10     | Noticed a gargoyle
 12425 | D:10     | Killed a gargoyle
 12577 | D:10     | XOM: harmless Conj miscast
 12793 | D:10     | XOM: harmless Summ miscast
 12929 | D:10     | Identified a scroll of acquirement
 12931 | D:10     | XOM: cloud trail
 13236 | D:11     | XOM: noise
 13244 | D:11     | XOM: summons friendly ufetubus
 13275 | D:11     | XOM: medium Tmut miscast
 13520 | D:11     | Reached XP level 11. HP: 89/89 MP: 21/21
 13599 | D:11     | Reached skill level 1 in Staves
 13722 | D:11     | Identified the cursed +2 long sword "Itounoaf" {pain, MR+
                  | Int+2} (You found it on level 11 of the Dungeon)
 13862 | D:11     | XOM: noise
 14115 | D:11     | XOM: stat loss: -1 Int (11/12)
 14153 | D:11     | XOM: noise
 14202 | D:11     | XOM: summons 5 hostile demons
 14239 | D:11     | XOM: mild Fire miscast
 14595 | Lair:1   | Entered Level 1 of the Lair of Beasts
 14638 | Lair:1   | XOM: silly message
 14653 | Lair:1   | XOM: fog
 14669 | Lair:1   | Noticed a fire crab
 14669 | Lair:1   | a yak changed into a fire crab
 14669 | Lair:1   | XOM: polymorph yak -> fire crab
 14677 | Lair:1   | Killed a fire crab
 14678 | Lair:1   | XOM: harmless Hex miscast
 14683 | Lair:1   | XOM: blink monster(s)
 14696 | Lair:1   | XOM: mild Conj miscast
 14806 | Lair:1   | XOM: harmless Summ miscast
 14898 | Lair:1   | XOM: divination: detect items
 14925 | Lair:1   | XOM: summons friendly shadow imp
 14937 | Lair:1   | XOM: mild Fire miscast
 14939 | Lair:1   | XOM: potion effect (heal wounds)
 14966 | Lair:1   | XOM: confuse monster(s)
 15331 | Lair:1   | XOM: polymorph komodo dragon -> spiny frog
 15355 | Lair:1   | Noticed a seven-headed hydra
 15371 | Lair:1   | Killed a seven-headed hydra
 15483 | Lair:1   | Noticed an oklob plant
 15483 | Lair:1   | Noticed an oklob plant
 15484 | Lair:1   | Noticed an oklob plant
 15532 | Lair:1   | Learned a level 1 spell: Apportation
 15717 | Lair:1   | XOM: god gift: 19 bolts
 15798 | Lair:1   | XOM: summons 4 friendly demons
 15800 | Lair:1   | XOM: mild Fire miscast
 15817 | Lair:1   | Reached skill level 10 in Fighting
 15873 | Lair:1   | XOM is BORED!
 15873 | Lair:1   | XOM: summons 1 hostile shadow creature
 15884 | Lair:1   | XOM: mild Summ miscast
 15893 | Lair:1   | XOM: mild Summ miscast
 16026 | D:8      | XOM: harmless Erth miscast
 16281 | Lair:1   | XOM: stat loss: -1 Str (15/16)
 16296 | Lair:1   | XOM: harmless Necr miscast
 16375 | Lair:2   | XOM: confusion (+ monsters)
 16447 | Lair:2   | XOM: cast spell 'Ring of Flames'
 16579 | Lair:2   | Found a staircase to the Snake Pit.
 16672 | Lair:1   | XOM: cloud trail
 16726 | Lair:1   | XOM: god gift: dog-eared papyrus book {god gift}
 16734 | Lair:1   | XOM: 2-stop teleportation journey
 17082 | Lair:2   | Reached XP level 12. HP: 88/97 MP: 24/24
 17164 | Lair:2   | XOM: polymorph hell rat -> crimson imp
 17240 | Lair:2   | Found a burning altar of Makhleb.
 17240 | Lair:2   | XOM: 3-stop teleportation journey
 17558 | Lair:2   | XOM: cast spell 'Monstrous Menagerie'
 17796 | Lair:2   | XOM: scenery: create altars
 18123 | Lair:2   | XOM: god gift: 21 sling bullets
 18180 | Lair:2   | XOM: god gift: trident {god gift}
 18260 | Lair:2   | XOM: god gift: glowing iron wand {god gift}
 18378 | Lair:3   | XOM: potion effect (haste)
 18503 | Lair:3   | XOM: destruction
 18516 | Lair:3   | Noticed a death yak
 18547 | Lair:3   | Killed a death yak
 18547 | Lair:3   | Reached skill level 5 in Staves
 18547 | Lair:3   | Reached skill level 5 in Conjurations
 18559 | Lair:3   | Reached skill level 5 in Poison Magic
 18778 | Lair:3   | Reached skill level 5 in Air Magic
 18787 | Lair:3   | XOM: god gift: 39 gold pieces
 18841 | Lair:3   | XOM: confuse monster(s)
 18897 | Lair:2   | XOM: cloud trail
 19246 | Lair:2   | XOM: smoke on damage
 19317 | Lair:3   | XOM: confusion (+ monsters)
 19396 | Lair:3   | XOM: scenery: create altars
 19466 | Lair:3   | Reached skill level 5 in Translocations
 19580 | Lair:3   | XOM: blink monster(s)
 19585 | Lair:3   | XOM: destruction
 19712 | D:6      | Bought the cursed +0 pair of boots "Galurek" {Regen+ Dex+2}
                  | for 177 gold pieces
 19774 | Lair:1   | XOM: harmless Tloc miscast
 19818 | Lair:3   | XOM: medium Air miscast
 19822 | Lair:3   | XOM: enchant monster (bad)
 19823 | Lair:3   | XOM: harmless Tloc miscast
 20078 | Lair:3   | Found a runed translucent door.
 20078 | Lair:3   | XOM: harmless Fire miscast
 20091 | Lair:3   | XOM: polymorph queen bee -> harpy
 20159 | Lair:3   | XOM: confuse monster(s)
 20239 | Lair:3   | XOM: divination: magic mapping
 20260 | Lair:3   | XOM: mild Erth miscast
 20294 | Lair:3   | XOM: stat loss: -1 Dex (15/16)
 20295 | Lair:3   | XOM: polymorph killer bee -> centaur
 20372 | Lair:3   | XOM: harmless Ice miscast
 20384 | Lair:3   | Noticed a seven-headed hydra
 20389 | Lair:3   | XOM: summons friendly shadow imp
 20393 | Lair:3   | Killed a seven-headed hydra
 20393 | Lair:3   | Gained mutation: You are in touch with the powers of death.
                  | [Mummy growth]
 20393 | Lair:3   | Reached XP level 13. HP: 59/103 MP: 25/25
 20579 | Lair:3   | XOM: blink monster(s)
 20589 | Lair:3   | XOM: harmless Pois miscast
 20667 | Lair:3   | XOM: cloud trail
 20725 | Lair:3   | XOM: scenery: 1 doors open
 20968 | Lair:3   | Noticed Avodethru's ghost (journeyman DEWz)
 20994 | Lair:4   | XOM: destruction
 21000 | Lair:4   | XOM: divine lightning
 21056 | Lair:3   | XOM: harmless Fire miscast
 21070 | Lair:4   | XOM: potion effect (agility)
 21148 | Lair:4   | Found a staircase to the Swamp.
 21445 | Lair:5   | XOM: god gift: glowing arbalest {god gift}
 21459 | Lair:5   | XOM: scenery: create altars
 21492 | Lair:5   | XOM: enchant monster (good)
 21542 | Lair:5   | XOM: god gift: curved glowing staff {god gift}
 21637 | Lair:5   | XOM: summons 13 friendly demons
 21642 | Lair:5   | XOM: destruction
 21732 | Lair:5   | Found a staircase to the Slime Pits.
 21786 | Lair:5   | XOM: 3-stop teleportation journey
 21997 | Lair:5   | XOM: destruction
 21999 | Lair:5   | XOM: god gift: crude garnet amulet {god gift}
 22010 | Lair:5   | Got a crude garnet amulet {god gift}
 22011 | Lair:5   | Identified the amulet "Jeosma" {Acrobat Dex+3} (Xom gifted
                  | it to you on level 5 of the Lair of Beasts)
 22019 | Lair:5   | XOM: 4-stop teleportation journey
 22858 | Lair:4   | XOM: enchant monster (good)
 23155 | Lair:4   | Reached skill level 10 in Staves
 23345 | Lair:6   | Entered Level 6 of the Lair of Beasts
 23430 | Lair:6   | XOM: confusion (+ monsters)
 23505 | Lair:6   | XOM: enchant monster (bad)
 23563 | Lair:6   | XOM: god gift: wand of scattershot (8)
 23625 | Lair:6   | XOM: summons friendly crimson imp
 23648 | Lair:6   | XOM: blink monster(s)
 23656 | Lair:6   | XOM: scenery: create altars
 23667 | Lair:6   | XOM: harmless Necr miscast
 23691 | Lair:6   | XOM: cleaving
 23783 | Lair:6   | XOM: god gift: 27 sling bullets
 23826 | Lair:6   | Found a runed translucent gate.
 23827 | Lair:6   | Found a runed translucent gate.
 23827 | Lair:6   | Found a runed translucent gate.
 23827 | Lair:6   | Noticed Tarias's ghost (journeyman OgTm)
 23827 | Lair:6   | Noticed nubinia's ghost (journeyman GrEE)
 23827 | Lair:6   | Noticed wazuzu's ghost (journeyman VSAs)
 23828 | Lair:6   | Noticed CloudEater's ghost (journeyman GrEE)
 24041 | Lair:6   | XOM: smoke on damage
 24049 | Lair:6   | XOM: enchant monster (good)
 24099 | Lair:6   | XOM: god gift: 430 gold pieces
 24125 | Lair:6   | XOM: scenery: create altars
 24187 | Lair:6   | Reached XP level 14. HP: 110/110 MP: 26/26
 24234 | Lair:6   | XOM: summons friendly quasit
 24254 | Lair:6   | XOM: confuse monster(s)
 24334 | Lair:6   | XOM: summons friendly white imp
 24477 | Lair:6   | XOM: confusion (+ monsters)
 24482 | Lair:6   | XOM: potion effect (brilliance)
 24529 | Lair:6   | Learned a level 4 spell: Passage of Golubria
 24529 | Lair:6   | XOM: cloud trail
 24908 | Lair:3   | XOM: cloud trail
 24989 | D:8      | XOM: god gift: dagger {god gift}
 25312 | D:12     | Found a runed translucent door.
 25312 | D:12     | Noticed a tengu reaver
 25312 | D:12     | Noticed a storm dragon
 25312 | D:12     | Noticed a fire giant
 25348 | D:12     | XOM: god gift: 61 gold pieces
 25397 | D:11     | XOM: harmless Conj miscast
 25531 | D:12     | XOM: god gift: lumpy grey potion {god gift}
 25540 | D:12     | Found a frozen archway.
 25549 | IceCv    | Entered an ice cave
 25552 | IceCv    | Found a transporter.
 25557 | IceCv    | XOM: cleaving
 25564 | IceCv    | XOM: enchant monster (good)
 25590 | IceCv    | Found a transporter.
 25617 | IceCv    | Identified the Tome of Ghastly Venom
 25626 | IceCv    | XOM: summons 4 friendly demons
 25732 | D:12     | XOM: cast spell 'Chain of Chaos'
 25766 | D:11     | XOM: harmless Fire miscast
 25777 | D:12     | Identified the +8 whip of the Maze {antimagic, rPois rC+
                  | MP-9}
 25909 | D:12     | XOM: stat loss: -1 Dex (18/19)
 25937 | D:12     | Reached skill level 5 in Armour
 25945 | D:12     | Found a staircase to the Orcish Mines.
 26499 | D:13     | XOM: scenery: 1 doors open
 26562 | D:13     | XOM: enchant monster (bad)
 26569 | D:13     | XOM: scenery: create altars
 26868 | D:13     | XOM: 8-stop teleportation journey
 27369 | D:14     | XOM: blink monster(s)
 27378 | D:14     | XOM: summons friendly quasit
 27414 | D:14     | XOM: stat loss: -1 Dex (18/19)
 27424 | D:14     | XOM: enchant monster (good)
 27427 | D:14     | XOM: summons 5 friendly demons
 27428 | D:14     | XOM: noise
 27436 | D:14     | XOM: summons 6 friendly demons
 27549 | D:14     | XOM: noise
 27730 | D:14     | XOM: confusion
 27735 | D:14     | XOM: potion effect (brilliance)
 27741 | D:14     | XOM: enchant monster (bad)
 27757 | D:14     | XOM: potion effect (brilliance)
 27767 | D:14     | XOM: cleaving
 27771 | D:14     | XOM: cast spell 'Summon Dragon'
 27986 | Orc:1    | Entered Level 1 of the Orcish Mines
 27986 | Orc:1    | Found a roughly hewn altar of Beogh.
 28236 | Orc:1    | XOM: mild Conj miscast
 28350 | Orc:2    | Entered Level 2 of the Orcish Mines
 28500 | Orc:1    | XOM: medium Summ miscast
 28606 | Orc:2    | Noticed an orc warlord
 28702 | Orc:1    | Killed an orc warlord
 28712 | Orc:2    | XOM: swap monsters
 28726 | Orc:2    | Found Caatoxedey's General Store.
 28730 | Orc:2    | XOM: polymorph sixfirhy -> sixfirhy
 28860 | Orc:2    | XOM: mild Hex miscast
 28865 | Orc:1    | XOM: scenery: create altars
 29007 | Orc:2    | XOM: divination: detect creatures
 29040 | Orc:2    | Bought the +8 orange crystal plate armour {Archmagi, Int+3
                  | Clar} for 1878 gold pieces
 29040 | Orc:2    | Found the +8 orange crystal plate armour {Archmagi, Int+3
                  | Clar}
 29057 | Orc:2    | XOM: enchant monster (bad)
 29187 | Orc:2    | XOM: medium Chrm miscast
 29221 | Orc:2    | Noticed an orc warlord
 29226 | Orc:2    | XOM: medium Hex miscast
 29227 | Orc:2    | XOM: enchant monster (bad)
 29233 | Orc:2    | XOM: cast spell 'Monstrous Menagerie'
 29235 | Orc:2    | XOM: summons friendly orange demon
 29327 | Orc:2    | XOM: scenery: create altars
 29333 | Orc:1    | XOM: god gift: robe {god gift}
 29351 | Orc:2    | XOM: cleaving
 29354 | Orc:2    | Killed an orc warlord
 29393 | Orc:2    | Found Iriaxin's Book Shoppe.
 29406 | Orc:2    | XOM: summons friendly iron imp
 29456 | Orc:2    | XOM: cast spell 'Summon Mana Viper'
 29466 | Orc:2    | Reached XP level 15. HP: 109/115 MP: 27/27
 29519 | Orc:2    | Found Poreul's Antique Armour Boutique.
 29653 | Orc:2    | Found a staircase to the Elven Halls.
 29726 | Orc:2    | Found Hyculaq's Antique Weapon Shoppe.
 29794 | Orc:2    | XOM: scenery: create altars
 29797 | Orc:2    | XOM: scenery: create altars
 29834 | Orc:2    | Bought a pair of spiked gloves for 313 gold pieces
 29834 | Orc:2    | Identified the cursed -3 pair of gloves of the Old World
                  | {*Contam rPois rCorr Str+5} (You bought it in a shop on
                  | level 2 of the Orcish Mines)
 30046 | Orc:1    | XOM: potion effect (invisibility)
 30054 | Orc:1    | XOM: harmless Necr miscast
 30133 | Orc:1    | Found a runed translucent door.
 30305 | Orc:1    | XOM: confuse monster(s)
 30312 | Orc:1    | XOM: cast spell 'Summon Small Mammal'
 30317 | Orc:1    | XOM: enchant monster (bad)
 30419 | Orc:1    | XOM: summons friendly iron imp
 30429 | Orc:1    | XOM: polymorph orc knight -> fire crab
 30431 | Orc:1    | XOM: cleaving
 30437 | Orc:1    | XOM: blink monster(s)
 30561 | Orc:1    | Found a roughly hewn altar of Beogh.
 30694 | D:14     | XOM: mild Necr miscast
 30708 | D:13     | XOM: fake destruction
 30751 | D:14     | XOM: swap monsters
 30825 | D:13     | XOM: mild Pois miscast
 30967 | D:14     | XOM: mild Tloc miscast
 31167 | D:14     | XOM: blink monster(s)
 31271 | D:14     | XOM: noise
 31475 | D:14     | Found a gate to the Vaults.
 31511 | D:15     | Entered Level 15 of the Dungeon
 31698 | D:15     | Found a staircase to the Depths.
 31764 | D:15     | XOM: cast spell 'Metabolic Englaciation'
 31790 | D:15     | XOM: enchant monster (bad)
 31835 | D:15     | XOM: mild Tmut miscast
 31837 | D:15     | XOM: cast spell 'Disjunction'
 31958 | D:15     | XOM: confuse monster(s)
 31964 | D:15     | XOM: mild Air miscast
 32018 | D:15     | Found a shimmering altar of Xom.
 32020 | D:15     | XOM: harmless Tmut miscast
 32089 | D:15     | XOM: polymorph white imp -> ufetubus
 32181 | D:15     | XOM: mild Hex miscast
 32185 | D:15     | Reached skill level 10 in Armour
 32190 | D:15     | XOM: mild Hex miscast
 32264 | D:15     | Found a gateway to a bazaar.
 32298 | D:15     | XOM: medium Conj miscast
 32366 | D:15     | XOM: 1-stop teleportation journey
 32397 | D:15     | XOM: summons 4 hostile demons
 32398 | D:15     | XOM: summons 1 hostile shadow creature
 32417 | D:15     | XOM: chaos cloud
 32427 | D:15     | XOM: harmless Erth miscast
 32452 | D:15     | XOM: scenery: create altars
 32454 | D:15     | XOM: enchant monster (bad)
 32609 | D:15     | XOM: noise
 32868 | Snake:1  | Entered Level 1 of the Snake Pit
 32884 | Snake:1  | Found a blossoming altar of Fedhas.
 32902 | Snake:1  | XOM: smoke on damage
 32970 | Snake:1  | Reached skill level 1 in Evocations
 32984 | Snake:1  | XOM: blink monster(s)
 32988 | Snake:1  | XOM: summons 7 hostile demons
 32993 | Snake:1  | Noticed Frances
 33012 | Snake:1  | XOM: noise
 33023 | Snake:1  | XOM: polymorph black mamba -> harpy
 33038 | Lair:2   | XOM: mild Tloc miscast
 33098 | Lair:2   | XOM: scenery: create altars
 33104 | Lair:2   | Killed Frances
 33104 | Lair:2   | Reached XP level 16. HP: 122/122 MP: 28/28
 33343 | Snake:1  | XOM: confuse monster(s)
 33373 | Snake:1  | XOM: polymorph naga ritualist -> komodo dragon
 33643 | Snake:1  | XOM: confuse monster(s)
 33842 | Snake:1  | XOM: scenery: create altars
 33854 | Snake:1  | XOM: 3-stop teleportation journey
 33874 | Snake:1  | XOM: 1-stop teleportation journey
 33989 | Snake:1  | XOM: scenery: 1 doors close
 34347 | Snake:2  | XOM: chaos cloud
 34348 | Snake:2  | Paralysed by you for 7 turns
 34352 | Snake:2  | XOM: potion effect (haste)
 34373 | Snake:2  | Found Uven's Gadget Emporium.
 34373 | Snake:2  | Found Mixtac's Jewellery Shop.
 34377 | Snake:2  | Found Agy Ileo's Gadget Emporium.
 34389 | Snake:2  | Bought a wand of digging (6) for 280 gold pieces
 34398 | Snake:2  | Noticed Agnes
 34404 | Snake:2  | Killed Agnes
 34470 | Snake:2  | XOM: polymorph salamander mystic -> shining eye
 34489 | Snake:1  | XOM: blink monster(s)
 34522 | Snake:2  | Reached skill level 5 in Evocations
 34523 | Snake:2  | XOM: harmless Pois miscast
 34543 | Snake:2  | XOM: harmless Tloc miscast
 34544 | Snake:2  | Noticed Vashnia
 34551 | Snake:2  | XOM: mild Ice miscast
 34552 | Snake:2  | XOM: 1-stop teleportation journey
 34559 | Snake:2  | XOM: noise
 34587 | Snake:1  | XOM: stat loss: -1 Int (18/19)
 34674 | Snake:1  | XOM: mild Air miscast
 34732 | Snake:1  | XOM: mild Tmut miscast
 34748 | Snake:2  | XOM: confuse monster(s)
 34775 | Snake:2  | XOM: noise
 34780 | Snake:2  | XOM: repel stairs
 34801 | Snake:2  | XOM: summons 4 hostile shadow creatures
 34814 | Snake:2  | XOM: enchant monster (bad)
 34816 | Snake:2  | XOM: harmless Fire miscast
 34818 | Snake:2  | Noticed Aizul
 35039 | Snake:1  | Killed Vashnia
 35039 | Snake:1  | Reached skill level 11 in Fighting
 35086 | Snake:1  | XOM: mild Tloc miscast
 35100 | Snake:1  | Killed Aizul
 35164 | Snake:2  | XOM: divination: magic mapping
 35291 | Snake:2  | XOM: mild Hex miscast
 35498 | Snake:2  | You fall into a shaft and drop 1 floor!
 35499 | Snake:3  | XOM: enchant monster (good)
 35514 | Snake:3  | XOM: mild Summ miscast
 35820 | Snake:3  | XOM: harmless Conj miscast
 35821 | Snake:3  | XOM: divination: detect creatures
 35829 | Snake:3  | XOM: potion effect (agility)
 35854 | Snake:3  | XOM: cast spell 'Summon Ice Beast'
 35902 | Snake:3  | XOM: 1-stop teleportation journey
 35955 | Snake:3  | XOM: polymorph black mamba -> shapeshifter
 36037 | Snake:3  | XOM: fog
 36194 | Snake:3  | XOM: fake destruction
 36386 | Snake:4  | Entered Level 4 of the Snake Pit
 36602 | Snake:4  | XOM: summons friendly iron imp
 36618 | Snake:4  | XOM: confuse monster(s)
 36633 | Snake:4  | XOM: divine lightning
 36641 | Snake:4  | XOM: cleaving
 36675 | Snake:4  | XOM: fake destruction
 36680 | Snake:4  | XOM: cleaving
 36688 | Snake:4  | XOM: summons 16 friendly demons
 36701 | Snake:4  | XOM: destruction
 36706 | Snake:4  | Reached XP level 17. HP: 95/132 MP: 29/29
 36722 | Snake:4  | XOM: divination: magic mapping
 36725 | Snake:4  | XOM: god gift: amulet of reflection {god gift}
 36802 | Snake:3  | XOM: god gift: 15 gold pieces
 36886 | Snake:4  | XOM: cast spell 'Summon Hydra'
 36889 | Snake:4  | XOM: silly message
 36891 | Snake:4  | XOM: cast spell 'Olgreb's Toxic Radiance'
 36914 | Snake:3  | XOM: enchant monster (bad)
 36930 | Snake:3  | XOM: potion effect (might)
 36947 | Snake:4  | XOM: enchant monster (good)
 36971 | Snake:4  | XOM: noise
 37029 | Snake:4  | Reached skill level 12 in Fighting
 37034 | Snake:4  | XOM: divination: detect creatures
 37055 | Snake:4  | XOM: enchant monster (good)
 37270 | Snake:4  | XOM: noise
 37272 | Snake:4  | XOM: blink monster(s)
 37291 | Snake:4  | XOM: harmless Air miscast
 37628 | Snake:4  | XOM: noise
 37646 | Snake:4  | XOM: potion effect (curing)
 37653 | Snake:4  | XOM: potion effect (agility)
 37660 | Snake:4  | XOM: potion effect (agility)
 37663 | Snake:4  | XOM: silly message
 37666 | Snake:4  | XOM: divination: detect items
 37673 | Snake:4  | XOM: harmless Fire miscast
 37677 | Snake:4  | XOM: mild Tloc miscast
 37770 | Snake:4  | XOM: potion effect (heal wounds)
 38122 | Snake:4  | XOM: enchant monster (good)
 38270 | Snake:4  | XOM: confuse monster(s)
 38358 | Snake:4  | Got a serpentine rune of Zot
 38390 | Snake:4  | XOM: harmless Fire miscast
 38560 | Lair:6   | XOM: noise
 38564 | Lair:6   | XOM: smoke on damage
 38569 | Lair:6   | XOM: summons friendly quasit
 38578 | Lair:6   | XOM: summons friendly ufetubus
 38582 | Lair:6   | XOM: cleaving
 38616 | Lair:5   | Killed Tarias's ghost
 38634 | Lair:5   | XOM: divination: magic mapping
 38809 | Swamp:1  | Entered Level 1 of the Swamp
 38988 | Swamp:1  | XOM: medium Air miscast
 39125 | Swamp:1  | You fall into a shaft and drop 1 floor!
 39125 | Swamp:2  | XOM: enchant monster (bad)
 39157 | Swamp:2  | Noticed Roxanne
 39263 | Swamp:2  | XOM: harmless Erth miscast
 39291 | Swamp:2  | Reached skill level 13 in Fighting
 39336 | Swamp:2  | XOM: enchant monster (bad)
 39520 | Swamp:2  | XOM: mild Chrm miscast
 39933 | Swamp:2  | Got an encrusted rapier
 40580 | Swamp:1  | XOM: enchant monster (bad)
 40585 | Swamp:1  | XOM: summons 4 hostile shadow creatures
 40912 | Swamp:1  | XOM: summons 2 hostile demons
 40943 | Swamp:1  | XOM: silly message
 40955 | Swamp:1  | XOM: enchant monster (bad)
 40957 | Swamp:1  | XOM: enchant monster (bad)
 41096 | Swamp:1  | XOM: scenery: create altars
 41322 | Swamp:3  | XOM: noise
 41451 | Swamp:3  | XOM: enchant monster (good)
 41465 | Swamp:3  | XOM: silly message
 41783 | Swamp:3  | XOM: silly message
 41784 | Swamp:3  | Identified the cursed +1 rapier of Woe {pierce, Str+4} (You
                  | found it on level 2 of the Swamp)
 42042 | Swamp:3  | XOM: harmless Ice miscast
 42101 | Swamp:3  | XOM: cast spell 'Olgreb's Toxic Radiance'
 42138 | Swamp:3  | Reached XP level 18. HP: 129/145 MP: 30/30
 42169 | Swamp:3  | XOM: stat loss: -1 Int (18/19)
 42420 | Swamp:3  | XOM: mild Air miscast
 42581 | Swamp:3  | XOM: polymorph blink frog -> meliai
 42592 | Swamp:3  | XOM: cast spell 'Ring of Flames'
 42602 | Swamp:3  | Reached skill level 14 in Fighting
 42806 | Swamp:4  | Entered Level 4 of the Swamp
 42851 | Swamp:4  | XOM: enchant monster (good)
 42864 | Swamp:4  | XOM: polymorph tyrant leech -> something unseen
 43154 | Swamp:4  | XOM: fog
 43201 | Swamp:4  | Noticed Bai Suzhen
 43269 | Swamp:4  | XOM: fog
 43295 | Swamp:3  | Killed Bai Suzhen
 43897 | Swamp:4  | XOM: fake destruction
 43905 | Swamp:4  | XOM: summons friendly soul eater
 43911 | Swamp:4  | XOM: destruction
 43922 | Swamp:4  | XOM: blink monster(s)
 44109 | Swamp:3  | XOM: stat loss: -1 Dex (16/17)
 44299 | Swamp:4  | XOM: cast spell 'Summon Dragon'
 44486 | Swamp:4  | XOM: enchant monster (good)
 44505 | Swamp:4  | XOM: cleaving
 44518 | Swamp:4  | XOM: cast spell 'Dispersal'
 44690 | Swamp:4  | XOM: cloud trail
 44955 | Swamp:4  | XOM: harmless Necr miscast
 45222 | Swamp:4  | Reached skill level 15 in Fighting
 45276 | Swamp:4  | Reached skill level 5 in Dodging
 45298 | Swamp:4  | Got a decaying rune of Zot
 45528 | Swamp:4  | XOM: cloud trail
 45677 | Swamp:1  | XOM: 3-stop teleportation journey
 45731 | Lair:3   | XOM: scenery: 1 doors open
 45804 | D:9      | XOM: god gift: wand of clouds (3)
 45907 | D:13     | XOM: noise
 45981 | Vaults:1 | Entered Level 1 of the Vaults
 46059 | Vaults:1 | XOM: swap monsters
 46270 | Vaults:1 | Found Xuhe's Antique Weapon Emporium.
 46846 | Vaults:1 | XOM: god gift: 4 rations
 47010 | Vaults:1 | XOM: enchant monster (good)
 47098 | Vaults:1 | XOM: divine lightning
 47214 | Vaults:1 | XOM: blink monster(s)
 47236 | Vaults:1 | XOM: noise
 47431 | Vaults:1 | XOM: polymorph redback -> faun
 47436 | Vaults:1 | XOM: noise
 47478 | Vaults:1 | XOM: swap monsters
 47480 | Vaults:1 | XOM: swap monsters
 47487 | Vaults:1 | XOM: stat loss: -1 Str (18/19)
 47490 | Vaults:1 | XOM: mild Tloc miscast
 47800 | Vaults:1 | XOM: summons 4 hostile shadow creatures
 47804 | Vaults:1 | XOM: polymorph great orb of eyes -> queen ant
 47989 | Vaults:1 | XOM: noise
 48190 | Elf:1    | XOM: stealth player
 48190 | Elf:1    | Entered Level 1 of the Elven Halls
 48194 | Elf:1    | XOM: potion effect (invisibility)
 48197 | Elf:1    | Noticed an Ice Fiend
 48299 | Elf:1    | XOM: fog
 48323 | Elf:1    | Reached XP level 19. HP: 153/155 MP: 31/31
 48357 | Elf:1    | XOM: scenery: 1 doors open, 1 doors close
 48366 | Elf:1    | XOM: divination: magic mapping
 48557 | Elf:1    | XOM: 6-stop teleportation journey
 48588 | Elf:1    | Found Jeorai's Assorted Antiques.
 48590 | Elf:1    | XOM: swap monsters
 48912 | Elf:1    | XOM: 1-stop teleportation journey
 48971 | Elf:1    | XOM: harmless Erth miscast
 48972 | Elf:1    | XOM: blink monster(s)
 48991 | Elf:1    | XOM: harmless Necr miscast
 48998 | Elf:1    | XOM: destruction
 49043 | Elf:1    | Found a shimmering blue altar of Sif Muna.
 49337 | Elf:1    | XOM: scenery: create altars
 49342 | Elf:1    | Identified the ring of Horet {rPois rF++ MP+9}
 49342 | Elf:1    | Identified the ring of Alisch {Fire rN+ MP+9 Int+2 Slay+3
                  | Stlth-}
 49359 | Elf:1    | XOM: potion effect (might)
 49363 | Elf:1    | Identified the ring "Sunn" {rElec rF+ rC+ Str+4 Int+4}
 49424 | Elf:1    | Got a twitching granite ring
 49615 | Elf:2    | XOM: mild Chrm miscast
 49616 | Elf:2    | XOM: enchant monster (bad)
 49631 | Elf:2    | XOM: smoke on damage
 49878 | Elf:2    | Reached skill level 10 in Dodging
 49953 | Elf:2    | XOM: cast spell 'Olgreb's Toxic Radiance'
 49954 | Elf:2    | Found a runed translucent gate.
 49954 | Elf:2    | Found a runed translucent gate.
 49955 | Elf:2    | Found a runed translucent gate.
 50219 | Elf:2    | XOM: enchant monster (bad)
 50222 | Elf:2    | XOM: summons friendly iron imp
 50223 | Elf:2    | XOM: noise
 50230 | Elf:2    | XOM: cast spell 'Cause Fear'
 50237 | Elf:2    | XOM: destruction
 50263 | Elf:2    | XOM: polymorph deep elf archer -> sea snake
 50507 | Elf:2    | Noticed Jorgrun
 50510 | Elf:2    | XOM: fog
 50521 | Elf:2    | Killed Jorgrun
 50522 | Elf:2    | XOM: cloud trail
 50591 | Elf:2    | Found Zoqoyzemp's Antique Weapon Emporium.
 50641 | Elf:2    | XOM: god gift: potion of invisibility
 50682 | Elf:2    | XOM: god gift: 5 stones
 50881 | Bazaar   | Entered a bazaar
 50895 | Bazaar   | Found Vooneor's Magic Scroll Shoppe.
 50895 | Bazaar   | Found Hihaziw's Distillery.
 50916 | Bazaar   | Found Cudy's Gadget Shoppe.
 50931 | Bazaar   | Found Exatu's Armour Shoppe.
 50931 | Bazaar   | Found Joby's Antique Weapon Emporium.
 50996 | Bazaar   | Bought a scroll of teleportation for 33 gold pieces
 50996 | Bazaar   | Bought a scroll of magic mapping for 38 gold pieces
 50996 | Bazaar   | Bought a scroll of torment for 82 gold pieces
 50996 | Bazaar   | Bought a scroll of blinking for 82 gold pieces
 51047 | D:15     | XOM: divination: magic mapping
 51174 | Vaults:1 | XOM: confuse monster(s)
 51234 | Vaults:2 | XOM: fog
 51244 | Vaults:2 | XOM: scenery: 1 doors open
 51479 | Vaults:2 | XOM: cast spell 'Death Channel'
 51614 | Vaults:2 | XOM: enchant monster (good)
 51646 | Vaults:2 | XOM: noise
 51749 | Vaults:2 | Identified the ring "Qineroj" {rPois Int+4} (You found it
                  | on level 1 of the Elven Halls)
 51803 | Vaults:2 | XOM: god gift: 29 gold pieces
 51810 | Vaults:2 | XOM: smoke on damage
 51866 | Vaults:2 | XOM: scenery: create altars
 51989 | Vaults:2 | XOM: 3-stop teleportation journey
 52321 | Vaults:2 | XOM: cast spell 'Olgreb's Toxic Radiance'
 52405 | Vaults:2 | XOM: summons 2 friendly demons
 52454 | Vaults:2 | XOM: divination: detect items
 52526 | Vaults:2 | XOM: cloud trail
 53121 | Vaults:3 | XOM: cast spell 'Cause Fear'
 53208 | Vaults:3 | XOM: polymorph centaur -> glowing shapeshifter
 53295 | Vaults:3 | XOM: summons 12 friendly demons
 53306 | Vaults:3 | XOM: polymorph shadow imp -> quasit
 53415 | Vaults:3 | You fall into a shaft and drop 1 floor!
 53433 | Vaults:4 | Reached XP level 20. HP: 150/164 MP: 32/32
 53438 | Vaults:4 | XOM: enchant monster (bad)
 53446 | Vaults:4 | XOM: chaos upgrade
 53458 | Vaults:4 | XOM: blink monster(s)
 53463 | Vaults:4 | XOM: potion effect (agility)
 53512 | Vaults:4 | XOM: god gift: pitted plate armour {god gift}
 53518 | Vaults:4 | XOM: harmless Ice miscast
 53538 | Vaults:4 | Identified the +2 plate armour of Azied {+Inv} (Xom gifted
                  | it to you on level 4 of the Vaults)
 53694 | Vaults:4 | Reached skill level 16 in Fighting
 53721 | Vaults:4 | XOM: enchant monster (bad)
 53807 | Vaults:4 | XOM: harmless Pois miscast
 54136 | Vaults:4 | Found a large runed translucent door.
 54136 | Vaults:4 | Found a large runed translucent door.
 54136 | Vaults:4 | Found a large runed translucent door.
 54136 | Vaults:4 | Found a large runed translucent door.
 54136 | Vaults:4 | Found a large runed translucent door.
 54136 | Vaults:4 | Found a large runed translucent door.
 54136 | Vaults:4 | Noticed Lofupn's ghost (adept SpEn)
 54137 | Vaults:4 | Found a large runed translucent door.
 54137 | Vaults:4 | Found a large runed translucent door.
 54202 | Vaults:4 | XOM: cleaving
 54291 | Vaults:4 | XOM: scenery: 2 doors close
 54407 | Vaults:4 | Reached skill level 10 in Evocations
 54489 | Vaults:4 | XOM: cleaving
 54602 | Vaults:4 | XOM: enchant monster (bad)
 54795 | Vaults:4 | XOM: mild Pois miscast
 54875 | Vaults:4 | XOM: 5-stop teleportation journey
 54910 | Vaults:4 | XOM: polymorph orc knight -> elephant
 54956 | Vaults:4 | XOM: summons friendly shadow imp
 55216 | Vaults:4 | Found Qetayt's Assorted Antiques.
 55446 | Vaults:3 | XOM: blink monster(s)
 55463 | Vaults:3 | XOM: harmless Pois miscast
 55510 | Vaults:3 | XOM: noise
 55575 | Vaults:3 | XOM: smoke on damage
 55659 | Vaults:4 | XOM: divination: detect items
 55755 | Vaults:4 | XOM: noise
 56086 | Vaults:3 | XOM: 6-stop teleportation journey
 56126 | Vaults:3 | Found Oloypuel's Assorted Antiques.
 56189 | Vaults:3 | XOM: noise
 56338 | Vaults:3 | XOM: noise
 56343 | Vaults:3 | XOM: confuse monster(s)
 56350 | Vaults:3 | XOM: summons 16 friendly demons
 56453 | Vaults:3 | Found a runed translucent gate.
 56454 | Vaults:3 | Found a runed translucent gate.
 56455 | Vaults:3 | Found a runed translucent gate.
 56550 | Vaults:3 | Found a staircase to the Crypt.
 56598 | Vaults:3 | XOM: cleaving
 56605 | Vaults:3 | XOM: destruction
 56641 | Vaults:3 | XOM: confuse monster(s)
 56977 | Vaults:3 | XOM: destruction
 57051 | Vaults:3 | XOM: confuse monster(s)
 57055 | Vaults:3 | XOM: god gift: glittering sapphire amulet {god gift}
 57060 | Vaults:3 | Got a glittering sapphire amulet {god gift}
 57061 | Vaults:3 | Identified the amulet of Riuplill {Acrobat Int+4} (Xom
                  | gifted it to you on level 3 of the Vaults)
 57066 | Vaults:3 | XOM: scenery: 2 doors open, 1 doors close
 57105 | Vaults:3 | XOM is BORED!
 57105 | Vaults:3 | XOM: medium Conj miscast
 57196 | Vaults:3 | XOM: severe Ice miscast
 57361 | Vaults:1 | XOM: severe Summ miscast
 57450 | D:13     | XOM: summons 1 hostile shadow creature
 57553 | Elf:3    | Entered Level 3 of the Elven Halls
 57608 | Elf:3    | XOM: fake destruction
 57609 | Elf:3    | XOM: mild Tmut miscast
 57616 | Elf:3    | XOM: harmless Ice miscast
 57617 | Elf:3    | XOM: butterfly on damage
 57657 | Elf:3    | XOM: medium Tloc miscast
 57907 | Elf:3    | XOM: confuse monster(s)
 57930 | Elf:3    | Reached skill level 17 in Fighting
 57932 | Elf:3    | XOM: medium Necr miscast
 58189 | Elf:3    | Reached XP level 21. HP: 174/174 MP: 33/33
 58260 | Elf:3    | XOM: blink monster(s)
 58273 | Elf:3    | XOM: fake destruction
 58287 | Elf:3    | XOM: fog
 58293 | Elf:3    | XOM: swap monsters
 58367 | Elf:3    | XOM: harmless Ice miscast
 58500 | Elf:3    | Found a portal to a secret trove of treasure.
 58582 | Elf:3    | XOM: polymorph deep elf elementalist -> glowing
                  | shapeshifter
 58788 | Elf:3    | XOM: polymorph deep elf death mage -> catoblepas
 58971 | Orc:2    | Bought a manual of Armour for 1987 gold pieces
 59207 | Elf:3    | XOM: 2-stop teleportation journey
 59433 | Elf:3    | Identified the cursed +1 falchion of Dominance {drain, rF+}
 59580 | Elf:3    | XOM: scenery: 1 doors close
 59649 | Elf:3    | XOM: cloud trail
 59653 | Elf:3    | Identified the Disquisition on Fiery Weightlessness
 59791 | Elf:3    | Identified the Grimoire of the Twisted Frostbite
 59896 | Elf:3    | XOM: god gift: double sword {god gift}
 60255 | Crypt:1  | Entered Level 1 of the Crypt
 60483 | Crypt:1  | XOM: scenery: 3 doors open
 60485 | Crypt:1  | Paralysed by a vampire knight for 3 turns
 60493 | Crypt:1  | Paralysed by a vampire knight for 3 turns
 60498 | Crypt:1  | XOM: divine lightning
 60656 | Crypt:1  | XOM: summons friendly quasit
 60656 | Crypt:1  | Noticed Margery
 60657 | Crypt:1  | Killed from afar by an ancient champion

Levels and vault maps discovered:
D:1:      wander_arrival_abandoned_jail, layout_basic, minivault_26,
          eino_curves_02
D:2:      layout_basic, lemuel_doored_altar, chequers_ecumenical_altar_simple,
          first_ration, uniq_crazy_yiuf_cottage, uniq_robin, uniq_terence
D:3:      layout_loops_corners, fedhas_altar_fruit_tree, lemuel_crystal_altar,
          nicolae_overflow_crystal_walls, gammafunk_temple_overflow_elements,
          feat_on_display, uniq_ijyb
D:4:      layout_rooms, old_standard_altar, minmay_temple_entry_fiery,
          chequers_serial_rivers_small_a, uniq_edmund
D:5:      layout_loops_ring, serial_shops, kennysheep_mini_moat
D:6:      layout_basic, serial_shops, shop_fountains,
          nicolae_shop_competitors_out_of_business
D:7:      layout_rooms, serial_bayou_crossing, uniq_pikel
D:8:      layout_basic, grunt_dithmenos_smoke, david_lair_generic,
          blue_anna_alchemist [blue_anna_fruit_fields, blue_anna_fruit_fields],
          vehumet_altar_wand_db
D:9:      layout_cave_pools, nicolae_overflow_hidden_temple, lemuel_round_altar
D:10:     layout_cave_pods
D:11:     layout_stronghold
D:12:     layout_rooms, erik_orc_3, portal_ice_cave_entry_pillars_1,
          kennysheep_treasure_room
D:13:     layout_basic
D:14:     layout_long_grid, hangedman_vaults_entry_quadrant_bands, minmay_holes
D:15:     hangedman_depths_entry_civil_slaughter, layout_small_grid,
          serial_shops, bzr_entry_road, hangedman_abyss_or_decor_stagger,
          basic_altar
Lair:1:   layout_misc_corridors, serial_bayou_shore_b, grunt_megastairs_2,
          minmay_lair_oklob_chamber, lemuel_fruit_tree
Lair:2:   lemuel_ratsnest, layout_cave_pods, guppyfry_snake_entry_garden,
          basic_altar, grunt_megastairs_3
Lair:3:   hangedman_what_comes_after_a, layout_regular_city,
          ebering_ghost_inner_flame, nzn_random_ring
Lair:4:   layout_long_grid, swamp_mist_pool, hangedman_lair_generics_rect,
          infiniplex_staircase_pool
Lair:5:   layout_long_grid, slime_dummy, wad_woods_road_03,
          nicolae_quartered_pool_medium, chequers_serial_rivers_marsh
Lair:6:   minmay_lair_end_enchanted_forest, layout_regular_city,
          gammafunk_ghost_cemetery, grunt_megastairs_5
Swamp:1:  layout_basic_swamp, infiniplex_staircase_pool_2
Swamp:2:  layout_basic_swamp, evilmike_swamp_ruin_wall, uniq_roxanne
Swamp:3:  layout_basic_swamp, evilmike_swamp_ruin_house_6, swamp_pool1
Swamp:4:  swamp_basic_johnstein, layout_basic_swamp, swamp_pool5,
          uniq_bai_suzhen
Snake:1:  kennysheep_six_static_rooms, layout_onion_interference, basic_altar,
          uniq_frances
Snake:2:  layout_onion_interference, minmay_shop_grove, uniq_aizul, uniq_agnes,
          uniq_vashnia
Snake:3:  layout_misc_corridors, nicolae_snake_shapes
Snake:4:  snake_pit, layout_cave_town, st_stairs_1
Orc:1:    layout_caves, basic_altar, nicolae_orc_stony_grotto,
          lightli_church_of_beogh
Orc:2:    grunt_orc_gardens, layout_caves, grunt_orc_garden, grunt_orc_garden,
          grunt_orc_garden, grunt_orc_garden, special_room,
          nicolae_orc_flooded_monolith
Elf:1:    minmay_the_grid_triangle_9x9_rhombus_thin
          [minmay_the_grid_triangle_9x9_alien,
          minmay_the_grid_triangle_9x9_prize_special,
          minmay_the_grid_triangle_9x9_zippers_horizontal,
          minmay_the_grid_triangle_9x9_checkered], layout_geoelf_grid,
          basic_altar, serial_shops, shop, minivault_28
Elf:2:    layout_gridlike, serial_shops, nicolae_shop_behind_doors, drop_trap,
          uniq_jorgrun, uniq_louise
Elf:3:    grunt_elf_hall_branching, layout_geoelf_octagon, enter_trove_2,
          minivault_14
Vaults:1: v_pattern_2, nicolae_vaults_alarming, v_rooms_5,
          nicolae_vaults_network_quinsquares
          [nicolae_vaults_network_quincunx_subvault,
          nicolae_vaults_network_quincunx_subvault,
          nicolae_vaults_network_quincunx_subvault,
          nicolae_vaults_network_quincunx_subvault], vaults_room_fours,
          ontoclasm_vaults_eye, layout_vaults_omnigrid, serial_shops, shop
Vaults:2: vaults_mumra_chevron, grunt_vaults_funnel,
          nicolae_vaults_angled_halls, v_misc_28, hangedman_vaults_unwind,
          v_misc_12, v_misc_3, nicolae_vaults_rhombus_5,
          layout_vaults_chaotic_city
Vaults:3: ploomutoo_gammafunk_vaults_ghost_potion_laboratory, st_spiral_rooms,
          nicolae_vaults_ring_of_whatevers, ontoclasm_vaults_loading_screen,
          v_misc_17, minmay_crypt_entry_simple_walls, v_misc_8,
          vaults_room_corners, v_misc_16, nicolae_vaults_network_barrier,
          ontoclasm_vaults_idyll, v_misc_13, serial_ice_h,
          nicolae_vaults_mini_display_case,
          vaults_room_grunt_arrival_checkpoint, vaults_room_pools,
          layout_vaults_omnibox, serial_shops, nicolae_shop_overgrown_old_shop
Vaults:4: advil_vaults_ghost_lines, nicolae_vaults_what_the_h, st_lattice,
          hangedman_vaults_restitches, v_alt_pattern_2,
          nicolae_vaults_network_periphery, v_rooms_6,
          nicolae_vaults_little_squares_6, v_misc_5, serial_ice_h,
          ontoclasm_vaults_decontamination, layout_vaults_omnicross,
          serial_shops, nicolae_shop_trees
Crypt:1:  layout_gridlike, minmay_misc_feat_pillars, grunt_ministairs_10,
          small_chamber_with_monster, hex_tiny, minivault_14, st_stairs_7,
          minivault_24, uniq_margery

Skill      XL: |  1  2  3  4  5  6  7  8  9 10 11 12 13 14 15 16 17 18 19 20 |
---------------+-------------------------------------------------------------+-----
Fighting       | 4 5 6 7 8 9 10 11 13 15 17 | 17.4
Dodging        | 1 2 3 4 8 12 14 | 14.7
Slings         | 1 3 4 5 6 |  6.0
Stealth        | 1 2 3 |  3.0
Spellcasting   | 4 5 7 8 |  8.0
Translocations | 2 3 6 8 |  8.2
Armour         | 2 3 4 6 10 11 13 14 | 14.1
Conjurations   | 1 3 4 5 |  5.0
Poison Magic   | 1 3 4 5 |  5.0
Air Magic      | 1 3 4 5 |  5.0
Staves         | 4 7 10 13 | 13.9
Evocations     | 1 7 8 9 11 | 11.6
Polearms       | |  2.4

Action                   |  1- 3 |  4- 6 |  7- 9 | 10-12 | 13-15 | 16-18 | 19-21 || total
-------------------------+-------+-------+-------+-------+-------+-------+-------++-------
Melee: Spear             |    50 |    19 |       |       |       |       |       ||    69
       Hand axe          |    59 |       |       |       |       |       |       ||    59
       Short sword       |       |       |    25 |       |       |       |       ||    25
       Hunting sling     |       |       |     1 |       |       |       |       ||     1
       Lajatang          |       |       |       |   948 |  1868 |  2426 |  2161 ||  7403
 Fire: Hunting sling     |    20 |   217 |   432 |   343 |    17 |       |       ||  1029
       Arbalest          |       |       |       |       |   163 |     8 |       ||   171
Throw: Dart              |       |       |       |       |       |       |    14 ||    14
 Cast: Blink             |       |       |     3 |     1 |     9 |       |       ||    13
       Apportation       |       |       |       |     7 |       |     7 |       ||    14
       Mephitic Cloud    |       |       |       |    11 |     2 |       |       ||    13
Evoke: Wand              |       |       |     9 |    27 |    48 |   128 |    14 ||   226
  Use: Scroll            |     7 |     6 |     7 |    14 |    18 |    22 |    16 ||    90
 Stab: Paralysed         |       |     3 |       |    13 |    24 |    17 |     8 ||    65
       Distracted        |       |       |       |     1 |     5 |     6 |     4 ||    16
       Confused          |       |       |       |    13 |     7 |    19 |     6 ||    45
       Petrifying        |       |       |       |       |     5 |     3 |       ||     8
       Petrified         |       |       |       |       |     2 |     4 |       ||     6
       Invisible         |       |       |       |       |    12 |     4 |       ||    16
       Sleeping          |       |       |       |       |       |     1 |       ||     1
Armor: Leather armour    |    34 |    48 |    89 |   137 |       |       |       ||   308
       Chain mail        |       |       |       |   387 |   488 |       |       ||   875
       Crystal plate arm |       |       |       |       |   622 |  2179 |  1184 ||  3985
Dodge: Dodged            |    69 |    73 |   170 |  1079 |  1376 |  1400 |  1059 ||  5226

Table legend:
 A = Non-vault XP
 B = Vault XP
 C = Vault XP percentage of total XP
 D = Non-vault monster count
 E = Vault monster count
 F = Vault count percentage of total count
                 A         B        C        D         E       F
            +---------+---------+-------+---------+---------+-------
      Total |  363448 |  260280 |  41.7 |    1152 |     523 |  31.2
            +---------+---------+-------+---------+---------+-------
        D:1 |      49 |       0 |   0.0 |      24 |       0 |   0.0
        D:2 |      74 |      66 |  47.1 |      20 |      12 |  37.5
        D:3 |     205 |      32 |  13.5 |      20 |       1 |   4.8
        D:4 |     364 |     107 |  22.7 |      20 |       1 |   4.8
        D:5 |     857 |       0 |   0.0 |      15 |       0 |   0.0
        D:6 |     724 |     591 |  44.9 |      12 |       1 |   7.7
        D:7 |    1135 |     571 |  33.5 |      18 |       3 |  14.3
        D:8 |    1084 |     571 |  34.5 |      38 |       3 |   7.3
        D:9 |    1580 |       0 |   0.0 |      22 |       0 |   0.0
       D:10 |    2298 |       0 |   0.0 |      29 |       0 |   0.0
       D:11 |    2678 |       0 |   0.0 |      30 |       0 |   0.0
       D:12 |    3143 |     690 |  18.0 |      22 |      18 |  45.0
       D:13 |    6320 |       0 |   0.0 |      32 |       0 |   0.0
       D:14 |   11869 |    3658 |  23.6 |      40 |      18 |  31.0
       D:15 |   23636 |    4888 |  17.1 |      49 |       6 |  10.9
     Lair:1 |    5817 |     233 |   3.9 |      22 |       2 |   8.3
     Lair:2 |    2472 |    5616 |  69.4 |      13 |      51 |  79.7
     Lair:3 |    5243 |   10878 |  67.5 |      24 |      62 |  72.1
     Lair:4 |    4547 |    2417 |  34.7 |      15 |       4 |  21.1
     Lair:5 |    7308 |    1721 |  19.1 |      25 |       1 |   3.8
     Lair:6 |    5805 |    8317 |  58.9 |      20 |      46 |  69.7
    Swamp:1 |   12735 |       0 |   0.0 |      28 |       0 |   0.0
    Swamp:2 |    8053 |       0 |   0.0 |      18 |       0 |   0.0
    Swamp:3 |   20004 |    4149 |  17.2 |      44 |       1 |   2.2
    Swamp:4 |   21875 |   19700 |  47.4 |      39 |      29 |  42.6
    Snake:1 |   20139 |    9906 |  33.0 |      43 |       8 |  15.7
    Snake:2 |    8652 |    6773 |  43.9 |      20 |       6 |  23.1
    Snake:3 |    8190 |    4387 |  34.9 |      16 |       9 |  36.0
    Snake:4 |   16448 |   27708 |  62.8 |      37 |      42 |  53.2
      Orc:1 |    5186 |    6397 |  55.2 |      62 |      18 |  22.5
      Orc:2 |    5538 |    6312 |  53.3 |      32 |      22 |  40.7
      Elf:1 |   10116 |   15737 |  60.9 |      23 |      26 |  53.1
      Elf:2 |   21497 |    6971 |  24.5 |      45 |       4 |   8.2
      Elf:3 |    7597 |   46468 |  85.9 |      16 |      34 |  68.0
   Vaults:1 |   22694 |   10409 |  31.4 |      41 |      19 |  31.7
   Vaults:2 |   28185 |    8540 |  23.3 |      61 |      14 |  18.7
   Vaults:3 |   26773 |   21060 |  44.0 |      51 |      23 |  31.1
   Vaults:4 |   31213 |   21705 |  41.0 |      59 |      28 |  32.2
    Crypt:1 |    1345 |    1826 |  57.6 |       7 |       3 |  30.0
      IceCv |       0 |    1876 | 100.0 |       0 |       8 | 100.0
            +---------+---------+-------+---------+---------+-------
